AoeStats
← iisraelunna

Arabia

510411481Analyzed
1v1 RM · 17h ago on Sep 30, 2026· 56m 22s· 2 players
Game mode
Random Map
Map size
Tiny (2 player)
Population
200
Speed
Normal
Resources
Standard
Victory
Conquest
Starting age
Dark Age
Ending age
Imperial Age
RankedLock teamsTeams togetherTeam positionsShared explorationLock speedFull tech treeHidden civsTurbo modeCheats
Victory
Defeat
🇨🇱 Mapuche · Chile
948
+16
🇲🇽 Shu · Mexico
953
-16
BMW M3 1987 E30
5:50 Loom
8:53 Feudal Age
9:25 Double-Bit Axe
17:52 Wheelbarrow
21:57 Castle Age
20:18 Fletching
20:44 Padded Archer Armor
20:30 Horse Collar
21:22 Gold Mining
22:33 Bodkin Arrow
23:00 Bow Saw
24:33 Champi Runner
28:18 Champi Warrior
29:31 Scale Mail Armor
29:58 Leather Archer Armor
32:28 Gold Shaft Mining
33:28 Elite Skirmisher
34:08 Heavy Plow
38:39 Imperial Age
36:41 Ballistics
36:46 Masonry
40:37 Chemistry
40:24 Town Watch
42:20 Ring Archer Armor
42:28 Town Patrol
44:48 Crop Rotation
46:23 Malon
46:51 Elite Bolas Rider
48:56 Elite Champi Warrior
50:19 Chain Mail Armor
50:22 Arson
51:04 Pikeman
53:11 Hoardings
53:26 Halberdier
56:15 Plate Mail Armor
iisraelunna
5:37 Loom
9:45 Feudal Age
12:49 Double-Bit Axe
18:03 Castle Age
16:51 Forging
19:32 Wheelbarrow
19:09 Bow Saw
26:52 Crossbowman
27:39 Thumb Ring
29:06 Fletching
35:52 Imperial Age
35:54 Hand Cart
36:52 Bodkin Arrow
39:16 Ballistics
39:31 Conscription
40:00 Bracer
42:04 Arbalester
44:00 Elite Skirmisher
44:42 Padded Archer Armor
48:33 Chemistry
47:44 Heavy Hei Guang Cavalry
48:25 Husbandry
53:28 Leather Archer Armor
Connection lost

Rejoining the realm…

Still unreachable

The connection could not be restored.

Session expired

The server has moved on; the page needs a fresh start.